 Dungeon Crawl Stone Soup version 0.30-a0-187-gd9c2deaf24 (webtiles) character file.

Game seed: 17744733744551756639

11 LnG the Caller (level 2, 0/15 HPs)
             Began as a Kobold Summoner on Oct 3, 2022.
             Slain by a jackal (3 damage)
             ... on level 1 of the Dungeon.
             The game lasted 00:01:06 (254 turns).

LnG the Caller (Kobold Summoner)                     Turns: 254, Time: 00:01:07

Health: 0/15       AC:  2    Str:  5    XL:     2   Next: 35%
Magic:  3/5        EV: 15    Int: 16    God:
Gold:   23         SH:  0    Dex: 15    Spells: 4/5 levels left

rFire   . . .      SeeInvis .    e - +2 dagger (vorpal)
rCold   . . .      Faith    .    (no shield)
rNeg    . . .      Spirit   .    a - +0 robe
rPois   .          Reflect  .    (no helmet)
rElec   .          Harm     .    (no cloak)
rCorr   .          Rampage  .    (no gloves)
Will    .....                    (no boots)
Stlth   +++.......               (no amulet)
HPRegen 0.22/turn                (no ring)
MPRegen 0.09/turn                (no ring)

@: no status effects
A: small, no large weapons, nightstalker 3
a: no special abilities


You were on level 1 of the Dungeon.
You visited 1 branch of the dungeon, and saw 1 of its levels.

You collected 23 gold pieces.

Inventory:

Hand Weapons
 e - a +2 vorpal dagger (weapon)
Armour
 a - a +0 robe (worn)
Scrolls
 f - a scroll of magic mapping {unknown}
 g - a scroll of poison {unknown}
Potions
 b - a potion of magic
 c - a potion of might {unknown}
 d - a potion of curing {unknown}


   Skills:
 + Level 2.6 Dodging
 + Level 2.9 Stealth
 + Level 2.2 Spellcasting
 + Level 4.3 Summonings


You had 4 spell levels left.
You knew the following spells:

 Your Spells              Type           Power      Damage    Failure   Level
a - Summon Small Mammal   Summ           60%        N/A       3%          1

Your spell library contained the following spells:

 Spells                   Type           Power      Damage    Failure   Level
 Call Imp                 Summ           15%        N/A       5%          2
 Call Canine Familiar     Summ           15%        N/A       11%         3
 Summon Guardian Golem    Hex/Summ       8%         N/A       26%         3
 Summon Lightning Spire   Summ/Air       8%         N/A       63%         4


Dungeon Overview and Level Annotations

Branches:
Dungeon (1/15)

Altars:


Innate Abilities, Weirdness & Mutations

You are small and have problems with some larger weapons.
You are completely attuned to the shadows.


Message History

The ball python constricts you. The rat barely misses you.
Casting: Summon Small Mammal (safe; 3% risk of failure)
Confirm with . or Enter, or press ? or * to list all spells.
The ball python barely misses you. The ball python constricts you.
A jackal comes into view.
The rat bites you.
You hit the ball python.
You kill the ball python!
The rat bites you.
Your rat bites the rat.
The ball python barely misses you. The ball python grabs you.
The ball python constricts you.
You are too injured to fight recklessly!
Unknown command.
You hit the rat.
You kill the rat!
The ball python barely misses you. The ball python constricts you.
Your rat bites the quokka.
Unknown command.
You hit the quokka.
The quokka is heavily wounded.
The quokka bites you but does no damage.
The ball python closely misses you. The ball python constricts you.
Your rat misses the ball python.
Your rat bites the quokka but does no damage.
Unknown command.
You barely miss the quokka.
The quokka is heavily wounded.
The jackal bites you. The quokka bites you. The ball python barely misses you.
The ball python constricts you. The jackal closely misses you.
Your rat misses the ball python.
Your rat barely misses the quokka.
Unknown command.
You escape the ball python's grasp.
The jackal attacks as you move away! The jackal bites you.
* * * LOW HITPOINT WARNING * * *
An endoplasm comes into view.
The quokka closely misses your rat.
Your rat barely misses the quokka.
Your rat bites the ball python.
The quokka closely misses your rat.
You hit the ball python.
You kill the ball python!
The jackal bites you.
You die...

####.###.# #.....#
###.#.#.### .##
#.........# ..###.
##.#.#.#.#.#####.#....
.....#.#...........#..
.#.###.###.#.##.r.....
......<......##.†hr...
.#.###.###.#.##.@r....
.....#.#......#.$.....
##.#.#.#.#.####....$##
#.........# #.....#
###.#.#.### #.J...#
#.....# #.###.#
#....## ####..##


You could see an endoplasm (asleep), a quokka (ally target), a jackal (ally
target) and 2 friendly rats.

Vanquished Creatures
  3 ball pythons (D:1)
  A giant cockroach (D:1)
  A goblin (D:1)
  3 kobolds (D:1)
  A bat (D:1)
  2 rats (D:1)
11 creatures vanquished.

Notes
Turn   | Place    | Note
-------+----------+-------------------------------------------
     0 | D:1      | LnG the Kobold Summoner began the quest for the Orb.
     0 | D:1      | Reached XP level 1. HP: 10/10 MP: 3/3
   164 | D:1      | Reached XP level 2. HP: 15/15 MP: 5/5
   254 | D:1      | Slain by a jackal

Illustrated notes

Levels and vault maps discovered:
D:1:      roderic_chinese_lattice_arrival, layout_rooms, serial_shops,
          shop_fountains, chequers_avenue, minmay_hexomino_r4

Action                   || total
-------------------------++-------
Melee: Dagger            ||    20
       Unarmed           ||     2
 Cast: Summon Small Mamm ||     6
  Use: Scroll            ||     2
 Stab: Sleeping          ||     2
Armor: Robe              ||     2
Dodge: Dodged            ||    26

Table legend: (Time is in decaauts)
 A = Elapsed time spent in this place.
 B = Non-inter-level travel time spent in this place.
 C = Inter-level travel time spent in this place.
 D = Time resting spent in this place.
 E = Time spent auto-exploring this place.
 F = Levels seen in this place.
 G = Mean time per level.
                   A        B        C        D        E       F      G
               +--------+--------+--------+--------+--------+-----+--------+
         Total |    253 |    253 |      0 |     13 |    166 |   1 |  253.0 |
       Dungeon |    253 |    253 |      0 |     13 |    166 |   1 |  253.0 |
               +--------+--------+--------+--------+--------+-----+--------+

Top non-repeatable levels by time:
     D:1: 253 daAuts
